AoeStats
← Vimabuma

Arabia

510259466Analyzed
1v1 RM · 2d ago on Sep 30, 2026· 42m 31s· 2 players
Game mode
Random Map
Map size
Tiny (2 player)
Population
200
Speed
Normal
Resources
Standard
Victory
Conquest
Starting age
Dark Age
Ending age
Imperial Age
RankedLock teamsTeams togetherTeam positionsShared explorationLock speedFull tech treeHidden civsTurbo modeCheats
Victory
Defeat
🇺🇸 Ethiopians · United States
880
+15
🇨🇴 Ethiopians · Colombia
859
-15
Vimabuma
2:44 Loom
6:56 Loom
11:04 Feudal Age
12:50 Double-Bit Axe
15:02 Horse Collar
15:43 Town Watch
24:31 Wheelbarrow
24:11 Fletching
25:49 Gold Mining
25:57 Stone Mining
29:06 Castle Age
28:59 Arson
29:19 Crossbowman
30:00 Bodkin Arrow
30:16 Forging
31:22 Padded Archer Armor
32:08 Husbandry
34:55 Scale Barding Armor
34:20 Elite Skirmisher
39:06 Hand Cart
40:55 Ballistics
40:33 Murder Holes
41:23 Light Cavalry
yxkks
6:33 Loom
9:53 Feudal Age
12:18 Double-Bit Axe
17:26 Fletching
25:05 Castle Age
22:49 Horse Collar
23:00 Gold Mining
25:43 Crossbowman
26:20 Bodkin Arrow
28:24 Ballistics
28:33 Elite Skirmisher
29:56 Bow Saw
32:08 Padded Archer Armor
32:53 Heavy Plow
33:30 Gold Shaft Mining
37:02 Stone Mining
38:08 Wheelbarrow
37:59 Squires
39:06 Scale Mail Armor
42:11 Thumb Ring
44:42 Imperial Age
Connection lost

Rejoining the realm…

Still unreachable

The connection could not be restored.

Session expired

The server has moved on; the page needs a fresh start.